Map: 2000 Atmospheres LE

Players

A.I. 1 (Medium)

  • Race: Zerg Zerg
  • Spawn Location: 3:00

reikai - Winner!

  • Race: Protoss Protoss
  • Spawn Location: 7:00

VOD

Have the link to the VOD?

Description

14 Pylon
15 Gateway
17 Gas
20 Nexus
21 2nd Gas
22 Pylon
23 or 24 Cybernetics Core
Buy Warpgate + 1 Stalker first, then Twilight Council
Blink when possible
+2 Gateways (total 3)
@100% 3 Gateways, buy 3 Stalkers (4 total)
SEND GIGACHAD PROBE TO PLACE FORWARD PYLON
+3 Gate ways (Total 6)
Buy more stalkers if possible
BUILD FORWARD GIGACHAD GATEWAY FOR FAST WARP IN
6:00 minutes attack and win

Time

  • Played on: May 21, 2022, 5:33 p.m.
  • Length: 7:42
Show
View Real Time Build Order
Export as new Build Order

A.I. 1 (Medium) Zerg 

Build Orders: Hatch First 

Get SALT Encoding   

  12  0:00  Drone  
  13  0:12  Overlord  
  13  0:16  Drone  
  14  0:31  Drone  
  14  0:33  Drone  
  16  0:36  Drone  
  17  0:52  Hatchery  
  17  0:56  Drone  
  17  1:12  Spawning Pool  
  17  1:13  Drone  
  17  1:17  Drone  
  18  1:20  Extractor  
  18  1:22  Drone  
  18  1:30  Overlord  
  18  2:00  Zergling x2  
  19  2:01  Roach Warren, Queen  
  19  2:02  Extractor, Zergling x2  
  19  2:04  Drone  
  19  2:08  Drone  
  22  2:16  Zergling x2  
  23  2:24  Baneling Nest  
  23  2:29  Drone  
  23  2:32  Zergling x2  
  23  2:35  Zergling x2  
  25  2:39  Zergling x2  
  26  2:55  Roach  
  28  2:59  Overlord  
  28  3:11  Drone  
  28  3:12  Roach  
  31  3:16  Drone  
  31  3:19  Drone  
  33  3:20  Extractor  
  33  3:21  Drone  
  33  3:25  Drone  
  34  3:28  Lair, Baneling x2  
  34  3:35  Baneling  
  34  3:46  Drone  
  35  3:50  Drone  
  36  3:56  Overlord  
  36  3:59  Drone  
  37  4:08  Roach  
  39  4:24  Extractor, Roach  
  38  4:27  Hydralisk Den  
  38  4:28  Drone  
  40  4:31  Overlord  
  40  4:35  Drone  
  41  4:38  Drone  
  41  4:41  Drone, Roach  
  41  4:44  Drone  
  46  4:48  Drone  
  46  4:52  Drone  
  48  4:55  Drone  
  48  4:56  Hydralisk  
  48  4:58  Drone  
  52  5:04  Overlord  
  52  5:07  Drone  
  52  5:11  Drone  
  52  5:13  Hydralisk  
  56  5:15  Drone  
  56  5:18  Drone  
  56  5:21  Drone  
  59  5:24  Drone  
  59  5:27  Drone  
  61  5:28  Overlord  
  61  5:36  Drone  
  61  5:39  Roach  
  64  5:46  Drone  
  64  5:49  Overlord  
  65  5:52  Drone  
  65  5:54  Drone  
  65  5:55  Roach  
  69  6:00  Drone  
  69  6:03  Drone  
  63  6:07  Queen  
  55  6:12  Roach  
  51  6:22  Drone  
  49  6:26  Overlord  
  49  6:27  Drone  
  49  6:29  Roach  
  49  6:31  Drone  
  47  6:34  Drone  
  47  6:37  Drone  
  36  6:43  Drone  
  36  6:45  Roach  
  27  6:54  Drone  
  27  6:55  Queen  
  27  7:01  Zergling x2  
  27  7:12  Zergling x2  
  21  7:19  Hatchery  
Show
View Real Time Build Order
Export as new Build Order

reikai Protoss - Winner!

Build Orders: 1 Gate Expand, Blink Stalkers 

Get SALT Encoding   

  12  0:00  Probe  
  13  0:12  Probe  
  14  0:17  Pylon  
  14  0:24  Probe (Chrono Boost)  
  15  0:37  Probe (Chrono Boost)  
  15  0:41  Gateway  
  16  0:45  Probe (Chrono Boost)  
  16  0:47  Assimilator  
  17  0:51  Probe  
  18  1:03  Probe  
  19  1:15  Probe  
  20  1:23  Nexus  
  20  1:27  Probe  
  20  1:32  Assimilator  
  21  1:39  Probe  
  22  1:42  Pylon  
  22  1:51  Probe  
  22  1:54  Cybernetics Core  
  23  2:03  Probe  
  24  2:15  Probe (Chrono Boost)  
  25  2:28  Probe (Chrono Boost)  
  26  2:31  Warp Gate  
  26  2:35  Probe (Chrono Boost)  
  28  2:37  Probe (Chrono Boost)  
  28  2:45  Stalker, Twilight Council  
  28  2:47  Probe  
  28  2:48  Probe  
  28  2:51  Pylon  
  32  2:54  Gateway  
  32  2:56  Gateway  
  32  2:59  Probe  
  32  3:02  Probe  
  34  3:11  Probe  
  35  3:14  Probe  
  36  3:23  Probe  
  36  3:26  Probe  
  38  3:36  Probe  
  38  3:38  Probe, Blink (Chrono Boost)  
  40  3:46  Stalker x3  
  40  3:48  Probe  
  47  3:50  Probe  
  47  3:53  Pylon  
  48  4:04  Gateway  
  48  4:05  Gateway  
  48  4:07  Gateway  
  48  4:12  Pylon  
  48  4:15  Probe x2  
  50  4:35  Gateway  
  50  5:17  Pylon  
  50  5:38  Stalker  
  50  5:39  Stalker x5  
  50  5:40  Stalker  
  64  5:48  Probe x2  
  66  6:11  Stalker x4  
  62  6:12  Stalker x3  
  70  6:24  Pylon  
  70  6:26  Pylon  
  70  6:43  Stalker x2  
  70  6:44  Stalker x2  
  78  6:50  Assimilator  
  78  6:53  Assimilator  
  78  6:55  Probe x2  
  78  6:59  Forge  
  80  7:01  Forge  
  80  7:03  Nexus  
  80  7:04  Pylon  
  80  7:06  Pylon  
  80  7:09  Assimilator  
  80  7:13  Assimilator  
Tags
 
Add a new tag
Caveats
  • Supply blocks, unpowered buildings, or Contaminate may cause inaccurate times.
  • Supply counts are checked every 10 seconds.